 Dungeon Crawl Stone Soup version 0.30-a0-585-g93115170b9 (webtiles) character file.

Game seed: 6051696848160585110

417 purpskrrrp the Magician (level 6, -3/47 HPs)
             Began as a Gnoll Wanderer on Jan 1, 2023.
             Slain by Natasha (9 damage)
             ... on level 3 of the Dungeon.
             The game lasted 00:11:42 (3909 turns).

purpskrrrp the Magician (Gnoll Wanderer)            Turns: 3909, Time: 00:11:43

Health: -3/47      AC:  2    Str:  8    XL:     6   Next: 93%
Magic:  18/18      EV:  9    Int: 12    God:
Gold:   12         SH: 15    Dex: 18    Spells: 16/20 levels left

rFire   . . .      SeeInvis .    h - +0 dagger (protect)
rCold   . . .      Faith    .    s - +2 tower shield
rNeg    . . .      Spirit   .    c - +0 robe
rPois   .          Reflect  .    b - +0 hat
rElec   .          Harm     .    (no cloak)
rCorr   .          Rampage  .    (no gloves)
Will    .....      Clarity  +    (no boots)
Stlth   ++                       (no amulet)
HPRegen 0.27/turn                (no ring)
MPRegen 0.16/turn                (no ring)

@: slowed, very slow
A: fangs 1, strong nose, distributed training, agile 1, clarity, high MP 1
a: no special abilities


You were on level 3 of the Dungeon.
You visited 1 branch of the dungeon, and saw 3 of its levels.

You collected 88 gold pieces.
You spent 76 gold pieces at shops.

Inventory:

Hand Weapons
 a - a +0 dagger
 h - a +0 dagger of protection (weapon)
Missiles
 f - 6 atropa-tipped darts
 m - 6 javelins
Armour
 b - a +0 hat (worn)
 c - a +0 robe (worn)
 p - a +3 buckler
 s - a +2 tower shield (worn)
Scrolls
 e - a scroll of amnesia
 r - a scroll of brand weapon
Potions
 d - a potion of attraction
 k - a potion of degeneration
 l - 3 potions of brilliance


   Skills:
 + Level 3.4 Fighting
 + Level 2.2 Short Blades
 + Level 2.2 Long Blades
 + Level 2.2 Axes
 + Level 2.2 Maces & Flails
 + Level 2.2 Polearms
 + Level 2.2 Staves
 + Level 2.2 Ranged Weapons
 + Level 3.4 Throwing
 + Level 3.4 Armour
 + Level 3.4 Dodging
 + Level 2.2 Stealth
 + Level 2.2 Shields
 + Level 2.2 Unarmed Combat
 + Level 7.5 Spellcasting
 + Level 1.8 Conjurations
 + Level 1.8 Hexes
 + Level 1.8 Summonings
 + Level 4.2 Necromancy
 + Level 1.8 Translocations
 + Level 1.8 Transmutations
 + Level 1.8 Fire Magic
 + Level 1.8 Ice Magic
 + Level 1.8 Air Magic
 + Level 1.8 Earth Magic
 + Level 1.8 Poison Magic
 + Level 2.5 Invocations
 + Level 2.2 Evocations


You had 16 spell levels left.
You knew the following spells:

 Your Spells              Type           Power      Damage    Failure   Level
a - Sting                 Tmut/Pois      32%        1d4       71%         1
b - Gell's Gravitas       Tloc           8%         N/A       97%         3

Your spell library contained the following spells:

 Spells                   Type           Power      Damage    Failure   Level
 Necrotise                Necr           56%        1d6       36%         1
 Kiss of Death            Conj/Necr      44%        2d8       54%         1
 Freeze                   Ice            32%        1d5       71%         1
 Shock                    Conj/Air       32%        1d5       71%         1
 Vampiric Draining        Necr           14%        2d7       75%         3
 Confusing Touch          Hex            8%         N/A       97%         3
 Frozen Ramparts          Ice            16%        1d3       97%         3
 Hailstorm                Conj/Ice       8%         3d4       97%         3
 Mephitic Cloud           Conj/Pois/Air  8%         N/A       97%         3
 Portal Projectile        Hex/Tloc       16%        N/A       97%         3
 Tukima's Dance           Hex            8%         N/A       97%         3
 Dispel Undead            Necr           14%        3d10      98%         4
 Anguish                  Hex/Necr       5%         N/A       99%         4
 Blade Hands              Tmut           4%         N/A       100%        5
 Enfeeble                 Hex            4%         N/A       100%        7


Dungeon Overview and Level Annotations

Branches:
Dungeon (3/15)

Altars:
Qazlal

Shops:
D:3 ?*

Annotations:
D:3 Natasha


Innate Abilities, Weirdness & Mutations

You have very sharp teeth.
Your uncanny sense of smell can sniff out nearby items.
Your experience applies equally to all skills.
You are agile. (Dex +4, Str/Int -1)
You possess an exceptional clarity of mind.
You have an increased reservoir of magic. (+10% MP)


Message History

Natasha is lightly wounded.
You block the crimson imp's attack.
Natasha stares at you and mumbles some strange words.
The magic dart hits you!
The crimson imp blinks!
You hit Natasha.
Natasha is moderately wounded.
Natasha stares at you and mumbles some strange words.
You feel yourself slow down.
Natasha wildly gestures.
Natasha's front paws start to glow.
You block Natasha's attack.
You hit Natasha.
Natasha is heavily wounded.
You block Natasha's attack. x2
You barely miss Natasha.
Natasha is heavily wounded.
The crimson imp disappears in a puff of smoke! x2
You block Natasha's attack. Natasha casts a spell at you.
The magic dart hits you.
You hit Natasha.
Natasha is severely wounded.
Natasha claws you. Natasha claws you but does no damage.
You miss Natasha.
Natasha is severely wounded.
Natasha mumbles some strange words. x2
You barely miss Natasha. You bite Natasha, but do no damage.
Natasha is severely wounded.
You block Natasha's attack. You block the white imp's attack.
Natasha claws you!
* * * LOW HITPOINT WARNING * * *
You closely miss Natasha.
Natasha is severely wounded.
The white imp hits you.
* * * LOW HITPOINT WARNING * * *
The white imp freezes you.
* * * LOW HITPOINT WARNING * * *
You block Natasha's attack. You block the white imp's attack.
Natasha claws you!
You die...

*,..........##### #.........##
*,.........############.#########
**###.............##.......######
#......######.##.......##....
#.###### #.##.......###...
***#+######### #.##.......# #|..
*,,..........# #..........# #...
*,,..........#####........###..)
*,,....!.....5h@5...........#...
*,,..........####....)..###.#...
*,,..........# #......[....#...
***#.####.#### #.#.....#####...
*,* #?* #............... *,* #.*
#############... *,***#.* #...
*,,,,..* #### *****##*


You could see Natasha and 2 white imps.

Vanquished Creatures
  Grinder (D:3)
  A hound (D:3)
  An orc priest (D:3)
  3 adders
  3 gnolls (D:2)
  3 worms
  6 dart slugs
  4 orcs (D:3)
  10 endoplasms
  7 giant cockroaches
  6 goblins
  9 hobgoblins
  4 quokkas
  6 ball pythons
  8 bats
  5 frilled lizards
  7 kobolds
  4 rats
88 creatures vanquished.

Notes
Turn   | Place    | Note
-------+----------+-------------------------------------------
     0 | D:1      | purpskrrrp the Gnoll Wanderer began the quest for the Orb.
     0 | D:1      | purpskrrrp set off with the following items: a +0 dagger, a
                  | scroll of fear, a +0 robe, a potion of attraction; and the
                  | following spells available to memorise: Necrotise, Vampiric
                  | Draining, Shock, Sting, Gell's Gravitas, Mephitic Cloud.
     0 | D:1      | Reached XP level 1. HP: 17/17 MP: 8/8
     2 | D:1      | Learned a level 1 spell: Sting
   184 | D:1      | Reached XP level 2. HP: 20/23 MP: 8/10
   693 | D:1      | Reached XP level 3. HP: 28/28 MP: 9/11
  1055 | D:1      | Reached skill level 1 in Invocations
  1242 | D:2      | Reached skill level 1 in Short Blades
  1242 | D:2      | Reached skill level 1 in Long Blades
  1242 | D:2      | Reached skill level 1 in Axes
  1242 | D:2      | Reached skill level 1 in Maces & Flails
  1242 | D:2      | Reached skill level 1 in Polearms
  1242 | D:2      | Reached skill level 1 in Staves
  1242 | D:2      | Reached skill level 1 in Ranged Weapons
  1242 | D:2      | Reached skill level 1 in Stealth
  1242 | D:2      | Reached skill level 1 in Shields
  1242 | D:2      | Reached skill level 1 in Unarmed Combat
  1242 | D:2      | Reached skill level 1 in Evocations
  1412 | D:2      | Reached XP level 4. HP: 34/34 MP: 10/13
  1455 | D:2      | Found a stormy altar of Qazlal.
  1832 | D:2      | Reached skill level 1 in Conjurations
  1832 | D:2      | Reached skill level 1 in Hexes
  1832 | D:2      | Reached skill level 1 in Summonings
  1832 | D:2      | Reached skill level 1 in Translocations
  1832 | D:2      | Reached skill level 1 in Transmutations
  1832 | D:2      | Reached skill level 1 in Fire Magic
  1832 | D:2      | Reached skill level 1 in Ice Magic
  1832 | D:2      | Reached skill level 1 in Air Magic
  1832 | D:2      | Reached skill level 1 in Earth Magic
  1832 | D:2      | Reached skill level 1 in Poison Magic
  2329 | D:2      | Learned a level 3 spell: Gell's Gravitas
  2349 | D:3      | Reached XP level 5. HP: 40/40 MP: 12/14
  2649 | D:3      | Found Peube's General Store.
  2654 | D:3      | Bought a potion of might for 48 gold pieces
  3175 | D:3      | Found Zuag's Magic Scroll Shoppe.
  3183 | D:3      | Bought a scroll of identify for 28 gold pieces
  3501 | D:3      | Noticed Grinder
  3516 | D:3      | Paralysed by Grinder for 3 turns
  3534 | D:3      | Paralysed by Grinder for 4 turns
  3539 | D:3      | Reached XP level 6. HP: 20/47 MP: 16/16
  3549 | D:3      | HP: 2/70 [Grinder (3)]
  3551 | D:3      | Gained mutation: You have an increased reservoir of magic.
                  | (+10% MP) [potion of mutation]
  3551 | D:3      | Gained mutation: You possess an exceptional clarity of
                  | mind. [potion of mutation]
  3551 | D:3      | Gained mutation: You are agile. (Dex +4, Str/Int -1)
                  | [potion of mutation]
  3730 | D:3      | Killed Grinder
  3868 | D:3      | Noticed Natasha
  3909 | D:3      | Slain by Natasha

Illustrated notes

Levels and vault maps discovered:
D:1:      roderic_chinese_lattice_arrival, layout_basic,
          serial_co_window_serial, co_window_paths_a,
          co_window_of_opportunity_a, co_window_paths_a, co_window_paths_b,
          co_window_paths_a, co_window_paths_a, co_window_corner_a,
          co_window_corner_cb, co_window_unsneaky_path_b, co_window_corner_b,
          co_window_4corner_a, co_window_paths_e, glass_columns_a
D:2:      layout_rooms, basic_altar
D:3:      minmay_angry_zag, layout_basic, serial_shops, shop,
          nicolae_lakefront_shop, shop, uniq_natasha, uniq_grinder

Skill      XL: |  1  2  3  4  5  6 |
---------------+-------------------+-----
Invocations    | 1 2 |  2.5
Short Blades   | 1 2 |  2.2
Long Blades    | 1 2 |  2.2
Axes           | 1 2 |  2.2
Maces & Flails | 1 2 |  2.2
Polearms       | 1 2 |  2.2
Staves         | 1 2 |  2.2
Ranged Weapons | 1 2 |  2.2
Stealth        | 1 2 |  2.2
Shields        | 1 2 |  2.2
Unarmed Combat | 1 2 |  2.2
Evocations     | 1 2 |  2.2
Conjurations   | 1 |  1.8
Hexes          | 1 |  1.8
Summonings     | 1 |  1.8
Translocations | 1 |  1.8
Transmutations | 1 |  1.8
Fire Magic     | 1 |  1.8
Ice Magic      | 1 |  1.8
Air Magic      | 1 |  1.8
Earth Magic    | 1 |  1.8
Poison Magic   | 1 |  1.8
Fighting       | 3 |  3.4
Throwing       | 3 |  3.4
Armour         | 3 |  3.4
Dodging        | 3 |  3.4
Necromancy     | 4 |  4.2
Spellcasting   | |  7.5

Action                   |  1- 3 |  4- 6 || total
-------------------------+-------+-------++-------
Melee: Dagger            |   113 |   279 ||   392
       Bite              |    16 |    39 ||    55
       Punch             |     1 |       ||     1
 Cast: Sting             |    38 |    59 ||    97
  Use: Scroll            |       |    13 ||    13
       Potion            |       |     7 ||     7
 Stab: Sleeping          |     1 |       ||     1
Armor: Robe              |    24 |    83 ||   107
Dodge: Dodged            |    68 |   125 ||   193
Block: Buckler           |     1 |    72 ||    73
       Tower shield      |       |    53 ||    53

Table legend: (Time is in decaauts)
 A = Elapsed time spent in this place.
 B = Non-inter-level travel time spent in this place.
 C = Inter-level travel time spent in this place.
 D = Time resting spent in this place.
 E = Time spent auto-exploring this place.
 F = Levels seen in this place.
 G = Mean time per level.
                   A        B        C        D        E       F      G
               +--------+--------+--------+--------+--------+-----+--------+
         Total |   3925 |   3635 |    290 |    230 |   2447 |   3 | 1308.3 |
       Dungeon |   3925 |   3635 |    290 |    230 |   2447 |   3 | 1308.3 |
               +--------+--------+--------+--------+--------+-----+--------+

Top non-repeatable levels by time:
     D:1: 1487 daAuts
     D:3: 1249 daAuts
     D:2: 1187 daAuts
